 Dungeon Crawl Stone Soup version 0.29-a0-275-g389c0b56f3 (webtiles) character file.

Game seed: 2838092404658313317

67 epen the Digger (level 4, -2/35 HPs)
             Began as a Ghoul Earth Elementalist on Mar 11, 2022.
             Slain by an orc wizard
             ... wielding a +0 dagger
              (3 damage)
             ... on level 2 of the Dungeon.
             The game lasted 00:03:18 (1677 turns).

epen the Digger (Ghoul Earth Elementalist)          Turns: 1677, Time: 00:03:19

Health: -2/35      AC:  2    Str:  8 (11) XL:     4   Next: 16%
Magic:  3/6        EV: 11    Int:  9 (12) God:
Gold:   104        SH:  0    Dex:  6 (9)  Spells: 4/7 levels left

rFire   . . .      SeeInvis .     - Unarmed
rCold   + . .      Faith    .   (no shield)
rNeg    + + +      Spirit   .   b - +0 robe
rPois   ∞          Reflect  .   (no helmet)
rElec   .          Harm     .   (no cloak)
rCorr   .          Rampage  .   (no gloves)
Will    .....                   (no boots)
Stlth   +.........              (no amulet)
HPRegen 0.00/turn               (no ring)
MPRegen 0.10/turn               (no ring)

@: flying, inhibited regen
A: claws 1, cold resistance 1, negative energy resistance 3, inhibited
regeneration, torment resistance 2
a: no special abilities


You were on level 2 of the Dungeon.
You visited 1 branch of the dungeon, and saw 2 of its levels.

You collected 104 gold pieces.

Inventory:

Hand Weapons
 d - a +0 spear
Missiles
 a - 37 stones
Armour
 b - a +0 robe (worn)
Scrolls
 f - a scroll of identify {unknown}
 g - a scroll of fog {unknown}
 h - a scroll of immolation {unknown}
 j - a scroll of holy word {unknown}
 k - 3 scrolls of teleportation {unknown}
Potions
 c - a potion of magic


   Skills:
 + Level 1.5 Fighting
 + Level 2.1 Dodging
 - Level 2.1 Stealth
 + Level 1.3 Unarmed Combat
 + Level 2.1 Spellcasting
 + Level 1.5 Transmutations
 + Level 3.7 Earth Magic


You had 4 spell levels left.
You knew the following spells:

 Your Spells              Type           Power      Damage    Failure   Level
a - Sandblast             Erth           14%        2d6       7%          1
b - Passwall              Tmut/Erth      4%         N/A       17%         2

Your spell library contained the following spells:

 Spells                   Type           Power      Damage    Failure   Level
 Summon Small Mammal      Summ           0%         N/A       32%         1
 Stone Arrow              Conj/Erth      8%         3d7       43%         3
 Gell's Gravitas          Tloc           0%         N/A       69%         3
 Lesser Beckoning         Tloc           0%         N/A       69%         3
 Teleport Other           Tloc           0%         N/A       69%         3
 Petrify                  Tmut/Erth      5%         N/A       73%         4


Dungeon Overview and Level Annotations

Branches:
Dungeon (2/15)

Altars:


Innate Abilities, Weirdness & Mutations

You thrive by killing the living.
You are immune to poison.
You have sharp fingernails.
Your flesh is cold resistant. (rC+)
You are immune to negative energy. (rN+++)
You do not regenerate when monsters are visible.
You are immune to unholy pain and torment.


Message History

An orc wizard comes into view. It is wielding a +0 dagger.
Casting: Sandblast (safe; 6% risk of failure)
Confirm with . or Enter, or press ? or * to list all spells.
Aiming: Sandblast (safe; 6% risk of failure)
Press: ? - help, Shift-Dir - straight line, f/p - orc priest
Aim: an orc priest, wielding a +0 mace (heavily wounded, 79% to hit)
The blast of sand hits the orc priest!
The orc priest is almost dead.
The orc priest hits you with a +0 mace.
* * * LOW HITPOINT WARNING * * *
The orc wizard hits you with a +0 dagger.
* * * LOW HITPOINT WARNING * * *
Your magical contamination has completely faded away.
It was a potion of degeneration.
There was something very wrong with that liquid.
You feel weakened.
You feel dopey.
You feel clumsy.
The orc priest looks satisfied for a moment.
The orc wizard hits you with a +0 dagger.
* * * LOW HITPOINT WARNING * * *
It was a potion of flight.
You feel very buoyant.
You fly up into the air.
The orc priest looks encouraged for a moment.
The orc wizard barely misses you. The orc closely misses you.
You barely miss the orc priest.
The orc priest is almost dead.
The orc priest completely misses you.
The orc wizard hits you with a +0 dagger.
* * * LOW HITPOINT WARNING * * *
The orc barely misses you.
Casting: Sandblast (safe; 7% risk of failure)
Confirm with . or Enter, or press ? or * to list all spells.
Aiming: Sandblast (safe; 7% risk of failure)
Press: ? - help, Shift-Dir - straight line, f/p - orc priest
Aim: an orc priest, wielding a +0 mace (almost dead, 78% to hit)
The blast of sand hits the orc priest!
You kill the orc priest!
The orc closely misses you.
The orc wizard hits you with a +0 dagger.
You die...

............##.# #
#....##)#.#.<#.# #
#....##.#.#..#.# #
#....##.#.##.#.# #
#
#.......#......#.#
#
###..............#
##
#.....#####.##.#
.####.....#
###o)#.#
..........#
#...@#.####
.....†....#
#..).o....#
).........#
#..)......#
.####.....#
#(........# .#
#.....#
#....#.#### .#
#.......#....#.#
.#
####....#.$..#>#
.# ....#....###
...#....#


You could see an orc wizard and an orc.

Vanquished Creatures
  An orc priest (D:2)
  2 adders (D:2)
  An orc (D:2)
  6 ball pythons (D:1)
  9 endoplasms
  A giant cockroach (D:1)
  A goblin (D:1)
  3 hobgoblins
  6 jackals
  A quokka (D:1)
  3 bats
  2 frilled lizards (D:2)
  6 kobolds
  2 rats
44 creatures vanquished.

Vanquished Creatures (others)
  A fungus (D:1)
  A plant (D:1)
2 creatures vanquished.

Grand Total: 46 creatures vanquished

Notes
Turn   | Place    | Note
-------+----------+-------------------------------------------
     0 | D:1      | epen the Ghoul Earth Elementalist began the quest for the
                  | Orb.
     0 | D:1      | Reached XP level 1. HP: 14/14 MP: 2/2
    86 | D:1      | Reached skill level 1 in Transmutations
   232 | D:1      | Reached XP level 2. HP: 22/22 MP: 1/3
   352 | D:1      | Found a faded altar of an unknown god.
   382 | D:1      | Reached skill level 1 in Fighting
   390 | D:1      | HP: 1/23 [quokka (1)]
   688 | D:1      | Got Plato's Collected Works on Calling
   693 | D:1      | Reached XP level 3. HP: 28/28 MP: 5/5
   697 | D:1      | Learned a level 2 spell: Passwall
  1094 | D:1      | Reached skill level 1 in Unarmed Combat
  1524 | D:2      | Reached XP level 4. HP: 35/35 MP: 6/6
  1676 | D:2      | HP: 1/35 [orc wizard/+0 dagger (1)]
  1677 | D:2      | Slain by an orc wizard

Illustrated notes

Levels and vault maps discovered:
D:1:      minmay_arrival_wavy_path, layout_basic,
          shapermc_ecumenical_altar_rom_forum
D:2:      layout_basic

Skill      XL: |  1  2  3 |
---------------+----------+-----
Transmutations | 1 |  1.5
Fighting       | 1 |  1.5
Dodging        | 2 |  2.1
Spellcasting   | 2 |  2.1
Unarmed Combat | 1 |  1.3
Stealth        | |  2.1
Earth Magic    | |  3.7

Action                   |  1- 3 |  4- 6 || total
-------------------------+-------+-------++-------
Melee: Spear             |    56 |       ||    56
       Unarmed           |    47 |    24 ||    71
       Punch             |       |     1 ||     1
 Cast: Sandblast         |    16 |     8 ||    24
       Passwall          |     1 |       ||     1
  Use: Potion            |     1 |     2 ||     3
 Stab: Sleeping          |     3 |       ||     3
Armor: Robe              |    21 |    10 ||    31
Dodge: Dodged            |    69 |    31 ||   100

Table legend: (Time is in decaauts)
 A = Elapsed time spent in this place.
 B = Non-inter-level travel time spent in this place.
 C = Inter-level travel time spent in this place.
 D = Time resting spent in this place.
 E = Time spent auto-exploring this place.
 F = Levels seen in this place.
 G = Mean time per level.
                   A        B        C        D        E       F      G
               +--------+--------+--------+--------+--------+-----+--------+
         Total |   1679 |   1669 |     10 |    309 |   1041 |   2 |  839.5 |
       Dungeon |   1679 |   1669 |     10 |    309 |   1041 |   2 |  839.5 |
               +--------+--------+--------+--------+--------+-----+--------+

Top non-repeatable levels by time:
     D:1: 1203 daAuts
     D:2: 476 daAuts
